 Dungeon Crawl Stone Soup version 0.24.1-8-ga250c9d538 (webtiles) character file.

Game seed: 14456776958258683939, levelgen mode: deterministic

329444 Gruesph the Eclecticist (level 21, -6/222 HPs)
             Began as a Gnoll Wanderer on May 6, 2020.
             Was the Champion of Okawaru.
             Mangled by a frost giant
             ... wielding a +2 battleaxe of freezing
              (7 damage)
             ... on level 3 of the Vaults.
             The game lasted 03:45:05 (53990 turns).

Gruesph the Eclecticist (Gnoll Wanderer)           Turns: 53990, Time: 03:45:06

Health: -6/222     AC: 33    Str: 19 (20) XL:     21   Next: 72%
Magic:  40/40      EV:  2    Int: 15      God:    Okawaru [******]
Gold:   865        SH: 22    Dex: 16 (17) Spells: 29/50 levels left

rFire    + . .     SeeInvis .   a - +0 broad axe (chop)
rCold    + . .     Gourm    .   Y - +2 shield {AC+3}
rNeg     + + +     Faith    .   (armour currently unavailable)
rPois    +         Spirit   .   (helmet currently unavailable)
rElec    .         Reflect  +   (cloak currently unavailable)
rCorr    .         Harm     .   (gloves currently unavailable)
MR       +++..     NoTele   +   (boots currently unavailable)
Stlth    +++++++...             y - +5 amulet of reflection
HPRegen  0.47/turn              l - ring "Puoni" {rPois rC+ MR++ Int-2 Slay+1}
MPRegen  0.27/turn              T - ring of Rowniosh {+Fly rF+}

@: tree-form, heroism, very slightly contaminated
A: distributed training, deterioration 1, frail 1, strong nose
}: 2/15 runes: serpentine, barnacled
a: Heroism, Finesse, Renounce Religion


You were on level 3 of the Vaults.
You worshipped Okawaru.
Okawaru was exalted by your worship.
You were not hungry.
You were a tree.
You visited 7 branches of the dungeon, and saw 36 of its levels.
You visited 1 bazaar.

You collected 4067 gold pieces.
You spent 3202 gold pieces at shops.

Inventory:

Hand Weapons
 a - a +0 broad axe of chopping (weapon)
 b - the +7 demon trident of Teddoniam {flame, rF+ MR- Dex+4}
   (You found it on level 4 of the Vaults)

   It has been specially enchanted to burn those struck by it, causing extra
   injury to most foes and up to half again as much damage against particularly
   susceptible opponents.
   It affects your dexterity (+4).
   It protects you from fire.
   It affects your resistance to hostile enchantments.
Missiles
 v - 56 silver javelins (quivered)
 C - 8 throwing nets
Armour
 t - a +0 helmet of intelligence (melded)
 u - the +2 pair of boots of Bughom (melded) {rN+}
   (You bought it in a shop on level 2 of the Orcish Mines)

   It protects you from negative energy.
 K - a +1 pair of gloves of dexterity (melded)
 N - the +4 scale mail of the Zebra (melded) {rCorr SInv}
   (Okawaru gifted it to you on level 5 of the Lair of Beasts)

   It lets you see invisible.
   It provides partial protection from all sources of acid and corrosion.
 S - the +1 cloak of Starlight (melded) {rElec rC+ EV+4 Stlth--}
   (Okawaru gifted it to you on level 4 of the Lair of Beasts)

   It affects your evasion (+4).
   It protects you from cold.
   It insulates you from electricity.
   It makes you much less stealthy.
 Y - a +2 shield of protection (worn)
Jewellery
 l - the ring "Puoni" (left branch) {rPois rC+ MR++ Int-2 Slay+1}
   (You bought it in a shop on level 3 of the Snake Pit)

   [ring of slaying]

   It affects your intelligence (-2).
   It affects your accuracy and damage with ranged weapons and melee attacks
   (+1).
   It protects you from cold.
   It protects you from poison.
   It affects your resistance to hostile enchantments.
 y - a +5 amulet of reflection (around neck)
 T - the ring of Rowniosh (right branch) {+Fly rF+}
   (You bought it in a shop on level 1 of the Shoals)

   [ring of flight]

   It protects you from fire.
   It lets you fly.
Wands
 g - a wand of scattershot (6)
 j - a wand of clouds (2)
 D - a wand of enslavement (26)
 F - a wand of acid (4)
 J - a wand of paralysis (6)
 O - a wand of digging (11)
 V - a wand of iceblast (16)
 W - a wand of flame (34)
 X - a wand of disintegration (4)
Scrolls
 d - 12 scrolls of enchant weapon
 e - 3 scrolls of blinking
 i - 8 scrolls of identify
 m - 11 scrolls of enchant armour
 n - 2 scrolls of fear
 q - 2 scrolls of brand weapon
 r - 22 scrolls of remove curse
 s - 19 scrolls of teleportation
 z - a scroll of torment
 I - 5 scrolls of immolation
 P - a scroll of silence
 R - 3 scrolls of fog
 Z - a scroll of amnesia
Potions
 c - 11 potions of curing
 h - 3 potions of heal wounds
 o - 2 potions of cancellation
 p - 3 potions of berserk rage
 w - a potion of resistance
 x - 4 potions of agility
 A - 3 potions of might
 B - 5 potions of haste
 E - a potion of brilliance
 G - a potion of ambrosia
 H - 5 potions of mutation
 L - 2 potions of invisibility
 M - 4 potions of magic
 Q - 6 potions of lignification
Comestibles
 f - 58 rations


   Skills:
 + Level 14.1(19.1) Fighting
 + Level 13.9(18.9) Short Blades
 + Level 13.9(18.9) Long Blades
 + Level 13.9(18.9) Axes
 + Level 14.5(19.5) Maces & Flails
 + Level 13.9(18.9) Polearms
 + Level 13.9(18.9) Staves
 + Level 13.9(18.9) Slings
 + Level 13.9(18.9) Bows
 + Level 13.9(18.9) Crossbows
 + Level 14.1(19.1) Throwing
 + Level 13.9(18.9) Armour
 + Level 13.9(18.9) Dodging
 + Level 14.1(19.1) Stealth
 + Level 13.9(18.9) Shields
 + Level 13.9(18.9) Unarmed Combat
 + Level 15.3 Spellcasting
 + Level 12.2 Conjurations
 + Level 12.0 Hexes
 + Level 12.0 Charms
 + Level 12.0 Summonings
 + Level 12.2 Necromancy
 + Level 12.0 Translocations
 + Level 12.0 Transmutations
 + Level 12.0 Fire Magic
 + Level 12.0 Ice Magic
 + Level 12.0 Air Magic
 + Level 12.0 Earth Magic
 + Level 12.0 Poison Magic
 + Level 15.0 Invocations
 + Level 13.9 Evocations


You had 29 spell levels left.
You knew the following spells:

 Your Spells              Type           Power        Failure   Level  Hunger
a - Swiftness             Chrm/Air       #####...     1%          2    None
b - Blink                 Tloc           N/A          1%          2    None
c - Call Imp              Summ           #####...     1%          2    None
d - Conjure Flame         Conj/Fire      #####...     1%          3    None
e - Mephitic Cloud        Conj/Pois/Air  #####...     1%          3    None
f - Irradiate             Conj/Tmut      #####.....   1%          5    ####...
g - Summon Lightning Spi  Summ/Air       #####...     1%          4    ##.....

Your spell library contained the following spells:

 Spells                   Type           Power        Failure   Level  Hunger
 Corona                   Hex            #####..      1%          1    None
 Magic Dart               Conj           ####         1%          1    None
 Sandblast                Erth           #####.       1%          1    None
 Shock                    Conj/Air       ####         1%          1    None
 Sting                    Conj/Pois      ####         1%          1    None
 Summon Small Mammal      Summ           ####         1%          1    None
 Corpse Rot               Necr           N/A          1%          2    None
 Passwall                 Tmut/Erth      #####...     1%          2    None
 Poisonous Vapours        Pois/Air       #####.       1%          2    None
 Slow                     Hex            #####...     1%          2    None
 Sublimation of Blood     Necr           #####.....   1%          2    None
 Call Canine Familiar     Summ           #####...     1%          3    None
 Inner Flame              Hex/Fire       #####...     1%          3    None
 Portal Projectile        Hex/Tloc       #####.       1%          3    None
 Static Discharge         Conj/Air       #####...     1%          3    None
 Stone Arrow              Conj/Erth      #####.       1%          3    None
 Summon Guardian Golem    Hex/Summ       #####...     1%          3    None
 Airstrike                Air            #####.....   1%          4    ##.....
 Cause Fear               Hex            #####.....   1%          4    ##.....
 Leda's Liquefaction      Hex/Erth       #####.....   1%          4    ##.....
 Olgreb's Toxic Radiance  Pois           #####...     1%          4    ##.....
 Petrify                  Tmut/Erth      #####...     1%          4    ##.....
 Summon Ice Beast         Ice/Summ       #####...     1%          4    ##.....
 Agony                    Necr           #####...     1%          5    ####...
 Bolt of Draining         Conj/Necr      #####.....   1%          5    ####...
 Dispel Undead            Necr           #####...     1%          5    ####...
 Excruciating Wounds      Chrm/Necr      #####.....   1%          5    ####...
 Lee's Rapid Deconstruct  Erth           #####.....   1%          5    ####...
 Lightning Bolt           Conj/Air       #####.....   1%          5    ####...
 Silence                  Hex/Air        #####.....   1%          5    ####...
 Venom Bolt               Conj/Pois      #####.....   1%          5    ####...
 Yara's Violent Unravell  Hex/Tmut       #####.....   1%          5    ####...
 Conjure Ball Lightning   Conj/Air       #####.....   6%          6    ######.
 Deflect Missiles         Chrm/Air       #####.....   6%          6    ######.
 Hydra Form               Tmut           #####.....   6%          6    ######.
 Iron Shot                Conj/Erth      #####.....   6%          6    ######.
 Statue Form              Tmut/Erth      #####....    6%          6    ######.
 Dragon Form              Tmut           #####.....   34%         7    #######
 Discord                  Hex            #####.....   95%         8    #######
 Tornado                  Air            #####.....   100%        9    #######


Dungeon Overview and Level Annotations

Branches:
Dungeon (15/15)            Temple (1/1) D:6            Lair (6/6) D:9
 Shoals (4/4) Lair:3        Snake (4/4) Lair:4        Slime (0/5) Lair:6
    Orc (2/2) D:12            Elf (0/3) Orc:2        Vaults (4/5) D:14
  Crypt (0/3) Vaults:3     Depths (0/5) D:15

Altars:
Ashenzari
Cheibriados
Dithmenos
Elyvilon
Fedhas
Gozag
Hepliaklqana
Kikubaaqudgha
Makhleb
Nemelex Xobeh
Okawaru
Qazlal
Ru
Sif Muna
Trog
Uskayaw
Vehumet
Wu Jian
Xom
Yredelemnul
Zin
The Shining One
Beogh

Shops:
D:4 [   D:5 *   D:9 (   D:13 [   D:15 [   Orc:2 [}[(   Shoals:1 :=(
Snake:1 }==   Snake:3 =   Vaults:2 ((   Vaults:3 [

Portals:
Trove: D:12 (give 6 scrolls of blinking)

Annotations:
Shoals:2 Roxanne


Innate Abilities, Weirdness & Mutations

Your experience applies equally to all skills.
((You have very sharp teeth.))
Your uncanny sense of smell can sniff out nearby items.
Your body sometimes deteriorates upon taking damage.
You are frail. (-10% HP)


Message History

You completely miss the frost giant.
The frost giant is moderately wounded.
The frost giant gestures at you while chanting.
The bolt of cold hits you! You resist.
* * * LOW HITPOINT WARNING * * *
You hit the frost giant but do no damage.
The frost giant is moderately wounded.
The frost giant hits you with a +2 battleaxe of freezing!
* * * LOW HITPOINT WARNING * * *
The frost giant freezes you.
* * * LOW HITPOINT WARNING * * *
You hit the frost giant.
The frost giant is heavily wounded.
You hit the frost giant but do no damage.
The frost giant is heavily wounded.
The frost giant hits you with a +2 battleaxe of freezing!!
* * * LOW HITPOINT WARNING * * *
Your body deteriorates!
You feel weakened. The frost giant freezes you!
You die...

#########.......'.>.....#
........#.......#########
.#.#.#..'..)....#
######<.######### )#.#.#..#
####################### ........#
#...............((..... #########
#....(........)....(...
#....(...........).))..
#.....♣..).........)).† #
####'C####.....(....##) #
#........#((........#..
###########........#(...(.....#.(
#........##........#####('#####..
'........##.(......# ∆ #.)#...#(.
#........##(.......#∆ #)(#...)..
#........##.......C# ∆∆#))#...(..
#........##........# #)(#......


You could see a frost giant.

Vanquished Creatures
  A golden dragon (Vaults:3)
  Nikola (Shoals:2)
  A bone dragon (Vaults:3)
  Jorgrun (Orc:1)
  2 sphinxes
  A kraken (Shoals:4)
  Frances (Shoals:1)
  Kirke (D:12)
  A shadow dragon (Vaults:3)
  A storm dragon (Vaults:2)
  Donald (Vaults:3)
  Ilsuiw (Shoals:2)
  4 nagarajas (Snake:4)
  2 deep elf sorcerers
  5 frost giants
  8 vault wardens
  5 fire giants
  A war gargoyle (Vaults:3)
  14 ironheart preservers
  13 stone giants
  3 very ugly things
  A deep elf demonologist (Vaults:3)
  Azrael (Orc:1)
  A dire elephant (Lair:6)
  7 merfolk javelineers
  2 ettins
  7 merfolk impalers
  3 fire dragons
  Harold (D:9)
  2 great orbs of eyes (Vaults:3)
  12 vault guards
  8 rakshasas
  2 yaktaur captains (Vaults:3)
  An ice dragon (Vaults:3)
  16 naga warriors
  12 anacondas
  10 ogre magi
  5 hydras
  3 merfolk aquamancers
  A two-headed ogre (shapeshifter) (Vaults:1)
  9 merfolk avatars
  5 centaur warriors
  A death knight (D:15)
  34 two-headed ogres
  3 orc high priests
  2 deep troll shamans (Vaults:3)
  4 deep troll earth magi (Vaults:3)
  Urug (Lair:3)
  9 naga sharpshooters
  2 death yaks (Lair:5)
  A tengu warrior (D:14)
  4 satyrs
  7 shock serpents
  Nergalle (Lair:3)
  2 shadow wraiths
  2 salamander mystics (Snake:3)
  4 hell knights (Vaults:4)
  An unseen horror (Vaults:1)
  The ghost of Gildeon the Cleaver, a novice FoFi of Qazlal (D:8)
  9 sea snakes
  12 deep trolls
  A glowing orange brain (D:15)
  A storm dragon skeleton (Vaults:2)
  An unseen horror (shapeshifter) (Vaults:1)
  11 naga ritualists
  14 ironbrand convokers
  2 phantasmal warriors
  3 deep elf archers
  4 necromancers
  5 wizards
  6 deep elf magi
  7 harpies
  A wolf spider zombie (D:14)
  5 cyclopes
  16 fauns
  A faun (shapeshifter) (Vaults:3)
  38 ugly things
  8 orc knights
  9 mana vipers
  3 orc sorcerers
  12 manticores
  A wolf spider (Vaults:3)
  4 salamanders
  A shining eye (shapeshifter) (Vaults:3)
  12 elephants
  28 black mambas
  3 guardian serpents
  An ice statue (Lair:5)
  9 merfolk sirens
  A guardian serpent (shapeshifter) (D:15)
  A gargoyle (D:14)
  12 vault sentinels
  31 naga magi
  9 water nymphs
  12 spiny frogs
  2 torpor snails
  4 freezing wraiths
  5 rime drakes
  9 komodo dragons
  13 yaktaurs
  26 merfolk
  A troll (shapeshifter) (Vaults:3)
  An ice devil (Lair:5)
  15 wind drakes
  Grinder (D:6)
  A tyrant leech (shapeshifter) (D:15)
  2 trolls
  3 polar bears
  A jumping spider (shapeshifter) (D:15)
  A tengu simulacrum (Vaults:2)
  3 hornets
  11 hippogriffs
  19 slime creatures
  8 dream sheep
  An ettin zombie (Vaults:2)
  7 snapping turtles
  18 blink frogs
  3 shadows
  An orc simulacrum (Vaults:3)
  33 yaks
  2 spriggans (D:8)
  9 water elementals
  4 hogs (D:12)
  3 wraiths
  2 wyverns
  A fire elemental (Orc:2)
  A vampire (D:13)
  4 basilisks
  3 hungry ghosts
  2 vampire mosquitoes (D:14)
  49 nagas
  A soldier ant (shapeshifter) (Vaults:3)
  4 wargs
  A soldier ant (D:11)
  An acid dragon (D:12)
  3 hell hounds (Orc:2)
  A warg (shapeshifter) (D:15)
  A floating eye (shapeshifter) (Vaults:3)
  15 water moccasins
  A black bear (D:10)
  2 sky beasts
  10 porcupines
  18 orc warriors
  9 ice beasts
  A black bear (shapeshifter) (D:14)
  An eye of draining (Vaults:3)
  6 wolves
  7 centaurs
  40 ogres
  6 phantoms
  8 boggarts
  A necrophage (D:8)
  18 crocodiles
  A human zombie (Vaults:2)
  16 bullfrogs
  A big kobold (D:9)
  3 wyvern zombies
  A scorpion (D:5)
  11 killer bees (D:10)
  4 wights (D:14)
  10 electric eels (D:10)
  2 vampire bats (D:4)
  6 howler monkeys
  5 crimson imps
  2 bullfrog zombies
  5 centaur zombies
  7 jellies
  18 orc priests
  2 bullfrog skeletons
  4 centaur skeletons
  6 hounds
  21 orc wizards
  4 iguanas
  7 worker ants
  A hound zombie (D:5)
  4 gnolls
  A howler monkey skeleton (D:4)
  2 worker ant zombies (D:5)
  13 adders
  7 shadow imps
  3 white imps (Lair:5)
  4 oozes
  2 adder zombies
  An adder skeleton (D:6)
  2 dart slugs
  3 leopard geckos
  84 orcs
  6 ball pythons
  4 bats
  A bat skeleton (D:4)
  5 bat zombies (D:4)
  3 giant cockroaches
  3 hobgoblins (D:1)
  4 quokkas
  5 frilled lizards
  5 goblins
  12 kobolds
  A leopard gecko skeleton (D:5)
  A quokka skeleton (D:9)
  7 rats
  4 fungi (D:11)
  3 plants
  4 tentacles (Shoals:4)
1305 creatures vanquished.

Vanquished Creatures (collateral kills)
  A merfolk javelineer (Shoals:4)
  The ghost of Tardor the Chopper, a novice GrFi of Makhleb (D:5)
  Joseph (D:7)
  Edmund (D:4)
4 creatures vanquished.

Vanquished Creatures (others)
  A vault warden (Vaults:2)
  A stone giant (Vaults:2)
  A yaktaur captain (Vaults:1)
  A naga warrior (Snake:1)
  A centaur warrior (Vaults:3)
  A merfolk aquamancer (Shoals:4)
  A satyr (Shoals:3)
  2 naga sharpshooters
  4 fauns (Shoals:2)
  4 cyclopes
  A black mamba (Lair:4)
  A freezing wraith (Vaults:3)
  5 yaktaurs
  A hippogriff (Lair:6)
  A human (D:12)
  2 ogres
  A boggart (Vaults:3)
  4 centaurs
  An orc (Orc:1)
  29 fungi
  18 plants
  9 tentacles (Shoals:4)
90 creatures vanquished.

Grand Total: 1399 creatures vanquished

Notes
Turn   | Place    | Note
-------+----------+-------------------------------------------
     0 | D:1      | Gruesph the Gnoll Wanderer began the quest for the Orb.
     0 | D:1      | Gruesph set off with the following items: a +0 mace, a
                  | potion of curing, a +0 robe, a ration; and the following
                  | spell memorised: Magic Dart; and the following spells
                  | available to memorise: Blink, Call Imp, Slow, Conjure
                  | Flame, Mephitic Cloud
     0 | D:1      | Reached XP level 1. HP: 17/17 MP: 8/8
    51 | D:1      | Reached XP level 2. HP: 14/23 MP: 10/10
   221 | D:1      | Learned a level 2 spell: Blink
   224 | D:1      | Learned a level 2 spell: Call Imp
   604 | D:1      | Reached XP level 3. HP: 18/28 MP: 8/11
   922 | D:1      | Found an iron altar of Okawaru.
  1298 | D:1      | Became a worshipper of Warmaster Okawaru
  1365 | D:2      | Reached skill level 1 in Short Blades
  1365 | D:2      | Reached skill level 1 in Long Blades
  1365 | D:2      | Reached skill level 1 in Axes
  1365 | D:2      | Reached skill level 1 in Polearms
  1365 | D:2      | Reached skill level 1 in Staves
  1365 | D:2      | Reached skill level 1 in Slings
  1365 | D:2      | Reached skill level 1 in Bows
  1365 | D:2      | Reached skill level 1 in Crossbows
  1365 | D:2      | Reached skill level 1 in Armour
  1365 | D:2      | Reached skill level 1 in Dodging
  1365 | D:2      | Reached skill level 1 in Shields
  1365 | D:2      | Reached skill level 1 in Unarmed Combat
  1365 | D:2      | Reached skill level 1 in Invocations
  1365 | D:2      | Reached skill level 1 in Evocations
  1365 | D:2      | Reached XP level 4. HP: 15/34 MP: 13/13
  1883 | D:2      | Reached skill level 1 in Hexes
  1883 | D:2      | Reached skill level 1 in Charms
  1883 | D:2      | Reached skill level 1 in Summonings
  1883 | D:2      | Reached skill level 1 in Translocations
  1883 | D:2      | Reached skill level 1 in Transmutations
  1883 | D:2      | Reached skill level 1 in Fire Magic
  1883 | D:2      | Reached skill level 1 in Ice Magic
  1883 | D:2      | Reached skill level 1 in Air Magic
  1883 | D:2      | Reached skill level 1 in Earth Magic
  1883 | D:2      | Reached skill level 1 in Poison Magic
  2387 | D:3      | Reached XP level 5. HP: 22/40 MP: 11/14
  2392 | D:3      | Learned a level 3 spell: Conjure Flame
  2396 | D:3      | Learned a level 3 spell: Mephitic Cloud
  2904 | D:3      | Found a hazy altar of Hepliaklqana.
  2905 | D:3      | Found a shimmering altar of Xom.
  2907 | D:3      | Noticed a spectral ugly thing
  2937 | D:3      | You fall into a shaft and drop 1 floor!
  3010 | D:4      | Noticed Edmund
  3858 | D:4      | Noticed a phantom
  3870 | D:4      | Killed a phantom
  3870 | D:4      | Reached XP level 6. HP: 30/47 MP: 16/16
  4031 | D:4      | Killed Edmund
  4031 | D:4      | Reached skill level 5 in Maces & Flails
  4198 | D:4      | Found Puidink's Antique Armour Shoppe.
  4338 | D:4      | Noticed a phantom
  4369 | D:4      | Killed a phantom
  4369 | D:4      | Reached XP level 7. HP: 29/52 MP: 2/18
  4758 | D:4      | Found an ancient bone altar of Kikubaaqudgha.
  4876 | D:4      | Bought a runed buckler for 157 gold pieces
  4888 | D:5      | Entered Level 5 of the Dungeon
  4905 | D:5      | Reached * piety under Okawaru
  5160 | D:5      | Found a large runed translucent door.
  5161 | D:5      | Found a large runed translucent door.
  5164 | D:5      | Noticed Tardor's ghost (novice GrFi)
  5200 | D:5      | Reached XP level 8. HP: 60/60 MP: 19/19
  5650 | D:5      | Found Nefer's Assorted Antiques.
  5761 | D:5      | Killed Tardor's ghost
  5761 | D:5      | Reached ** piety under Okawaru
  6283 | D:6      | Reached XP level 9. HP: 66/66 MP: 21/21
  6316 | D:6      | Noticed Grinder
  6325 | D:6      | Paralysed by Grinder for 3 turns
  6328 | D:6      | Killed Grinder
  6938 | D:6      | Found a sacrificial altar of Ru.
  7068 | D:6      | Found a staircase to the Ecumenical Temple.
  7075 | Temple   | Entered the Ecumenical Temple
  7132 | D:7      | Found a shadowy altar of Dithmenos.
  7400 | D:7      | Noticed Joseph
  7426 | D:7      | Killed Joseph
  7426 | D:7      | Reached skill level 5 in Fighting
  7426 | D:7      | Reached skill level 5 in Throwing
  7774 | D:7      | Reached *** piety under Okawaru
  7774 | D:7      | Reached skill level 5 in Stealth
  8104 | D:8      | Found a runed translucent door.
  8105 | D:8      | Noticed Gildeon's ghost (novice FoFi)
  8107 | D:8      | Identified the cursed +1 spear "Dragon's Tongue" {flame,
                  | Int-4 SInv Stlth+}
  8230 | D:8      | Got a crystal trident
  8234 | D:8      | Identified the +7 trident "Rosyahes" {pierce, Int-3 Dex+5}
                  | (You found it on level 8 of the Dungeon)
  8255 | D:8      | Reached skill level 5 in Invocations
  8672 | D:9      | Reached XP level 10. HP: 74/74 MP: 22/22
  8673 | D:9      | Noticed a two-headed ogre
  8691 | D:9      | Killed a two-headed ogre
  8691 | D:9      | Reached **** piety under Okawaru
  8691 | D:9      | Reached skill level 5 in Short Blades
  8691 | D:9      | Reached skill level 5 in Long Blades
  8691 | D:9      | Reached skill level 5 in Axes
  8691 | D:9      | Reached skill level 5 in Polearms
  8691 | D:9      | Reached skill level 5 in Staves
  8691 | D:9      | Reached skill level 5 in Slings
  8691 | D:9      | Reached skill level 5 in Bows
  8691 | D:9      | Reached skill level 5 in Crossbows
  8691 | D:9      | Reached skill level 5 in Armour
  8691 | D:9      | Reached skill level 5 in Dodging
  8691 | D:9      | Reached skill level 5 in Shields
  8691 | D:9      | Reached skill level 5 in Unarmed Combat
  8691 | D:9      | Reached skill level 5 in Evocations
  8850 | D:9      | Noticed Harold
  8872 | D:9      | Received a gift from Okawaru
  8937 | D:9      | Killed Harold
  9175 | D:9      | Reached skill level 5 in Conjurations
  9175 | D:9      | Reached skill level 5 in Necromancy
  9432 | D:9      | Received a gift from Okawaru
  9544 | D:9      | Reached XP level 11. HP: 81/82 MP: 24/24
  9568 | D:9      | Found Heotio's Weapon Shop.
  9602 | D:9      | Found a staircase to the Lair.
  9947 | Lair:1   | Entered Level 1 of the Lair of Beasts
 10016 | Lair:1   | Reached ***** piety under Okawaru
 10230 | Lair:1   | Received a gift from Okawaru
 10320 | Lair:1   | Reached skill level 5 in Hexes
 10320 | Lair:1   | Reached skill level 5 in Charms
 10320 | Lair:1   | Reached skill level 5 in Summonings
 10320 | Lair:1   | Reached skill level 5 in Translocations
 10320 | Lair:1   | Reached skill level 5 in Transmutations
 10320 | Lair:1   | Reached skill level 5 in Fire Magic
 10320 | Lair:1   | Reached skill level 5 in Ice Magic
 10320 | Lair:1   | Reached skill level 5 in Air Magic
 10320 | Lair:1   | Reached skill level 5 in Earth Magic
 10320 | Lair:1   | Reached skill level 5 in Poison Magic
 10395 | Lair:1   | Noticed a four-headed hydra
 10472 | Lair:1   | Killed a four-headed hydra
 10621 | Lair:1   | Received a gift from Okawaru
 12636 | Lair:3   | Noticed Nergalle
 12654 | Lair:3   | Killed Nergalle
 12654 | Lair:3   | Received a gift from Okawaru
 12760 | Lair:3   | Noticed Urug
 12779 | Lair:3   | Killed Urug
 13110 | Lair:3   | Found a staircase to the Shoals.
 13129 | Lair:3   | Reached XP level 12. HP: 80/91 MP: 25/25
 13431 | Lair:4   | Reached skill level 10 in Spellcasting
 13714 | Lair:4   | Received a gift from Okawaru
 13715 | Lair:4   | Found the +1 cloak of Starlight {rElec rC+ EV+4 Stlth--}
 13725 | Lair:4   | Reached ****** piety under Okawaru
 14137 | Lair:4   | Found a staircase to the Snake Pit.
 14829 | Lair:5   | Noticed a death yak
 14860 | Lair:5   | Noticed an eight-headed hydra
 14875 | Lair:5   | Killed an eight-headed hydra
 14952 | Lair:5   | Reached XP level 13. HP: 66/98 MP: 27/27
 15394 | Lair:5   | Received a gift from Okawaru
 15844 | Lair:5   | Received a gift from Okawaru
 15847 | Lair:5   | Got a faintly humming scale mail {god gift}
 15860 | Lair:4   | Identified the +4 scale mail of the Zebra {rCorr SInv}
                  | (Okawaru gifted it to you on level 5 of the Lair of Beasts)
 16224 | Lair:5   | Identified the Papyrus of the Excruciating Rocks
 16233 | Lair:5   | Identified a scroll of acquirement
 16293 | Lair:6   | Entered Level 6 of the Lair of Beasts
 17198 | Lair:6   | Noticed a dire elephant
 17227 | Lair:6   | Killed a dire elephant
 17227 | Lair:6   | Received a gift from Okawaru
 17354 | Lair:6   | Received a gift from Okawaru
 18347 | Lair:6   | Reached XP level 14. HP: 101/108 MP: 22/29
 18664 | Lair:6   | Got a twisted short sword
 18720 | Lair:6   | Found a staircase to the Slime Pits.
 19176 | D:4      | Bought a pair of glowing boots for 157 gold pieces
 19324 | D:10     | Entered Level 10 of the Dungeon
 19469 | D:10     | Found a roughly hewn altar of Beogh.
 19469 | D:10     | Found a transporter.
 19957 | D:10     | Reached skill level 10 in Maces & Flails
 20116 | D:10     | Found a transporter.
 22186 | D:12     | Noticed Kirke
 22237 | D:12     | Killed Kirke
 22591 | D:12     | Found a portal to a secret trove of treasure.
 22619 | D:12     | Reached skill level 10 in Invocations
 22659 | D:12     | Found a staircase to the Orcish Mines.
 22754 | D:12     | Found a roughly hewn altar of Beogh.
 23029 | D:12     | Found a staircase to the Orcish Mines.
 23063 | D:12     | Found a portal to a secret trove of treasure.
 23088 | D:12     | Found a roughly hewn altar of Beogh.
 23459 | Orc:1    | Entered Level 1 of the Orcish Mines
 23480 | Orc:1    | Received a gift from Okawaru
 24219 | Orc:2    | Entered Level 2 of the Orcish Mines
 24335 | Orc:2    | Noticed Jorgrun
 24395 | Orc:1    | Killed Jorgrun
 24395 | Orc:1    | Received a gift from Okawaru
 24532 | Orc:1    | Received a gift from Okawaru
 25073 | Orc:1    | Reached XP level 15. HP: 115/115 MP: 27/30
 25105 | Orc:2    | Received a gift from Okawaru
 25114 | Orc:2    | Reached skill level 10 in Fighting
 25114 | Orc:2    | Reached skill level 10 in Throwing
 25152 | Orc:2    | Received a gift from Okawaru
 25153 | Orc:2    | Reached skill level 10 in Stealth
 25673 | Orc:2    | Found Jafah's Antique Weapon Emporium.
 25674 | Orc:2    | Found Ihackus's Antique Armour Boutique.
 25674 | Orc:2    | Found Gitot's Armour Shoppe.
 25674 | Orc:2    | Found Zecsecao's Gadget Boutique.
 25706 | Orc:2    | Noticed Azrael
 25834 | Orc:1    | Killed Azrael
 26136 | Orc:2    | Found a roughly hewn altar of Beogh.
 26195 | Orc:2    | Found a staircase to the Elven Halls.
 26678 | Orc:2    | Bought the +2 pair of boots of Bughom {rN+} for 282 gold
                  | pieces
 26768 | D:13     | Received a gift from Okawaru
 27088 | D:13     | Got a scorched short sword
 27135 | D:13     | Found Ryulud's Antique Armour Boutique.
 27586 | D:13     | Bought a dazzling scale mail for 297 gold pieces
 27586 | D:13     | Identified the +4 scale mail "Buos" {rC+ Str+6 Dex+3} (You
                  | bought it in a shop on level 13 of the Dungeon)
 27734 | D:14     | Found a blossoming altar of Fedhas.
 27751 | D:14     | Received a gift from Okawaru
 27751 | D:14     | Reached skill level 10 in Short Blades
 27751 | D:14     | Reached skill level 10 in Long Blades
 27751 | D:14     | Reached skill level 10 in Axes
 27751 | D:14     | Reached skill level 10 in Polearms
 27751 | D:14     | Reached skill level 10 in Staves
 27751 | D:14     | Reached skill level 10 in Slings
 27751 | D:14     | Reached skill level 10 in Bows
 27751 | D:14     | Reached skill level 10 in Crossbows
 27751 | D:14     | Reached skill level 10 in Armour
 27751 | D:14     | Reached skill level 10 in Dodging
 27751 | D:14     | Reached skill level 10 in Shields
 27751 | D:14     | Reached skill level 10 in Unarmed Combat
 27751 | D:14     | Reached skill level 10 in Evocations
 28354 | D:14     | Received a gift from Okawaru
 28695 | D:14     | Found a gate to the Vaults.
 28902 | D:15     | Entered Level 15 of the Dungeon
 29066 | D:15     | Found a snail-covered altar of Cheibriados.
 29203 | D:15     | Found Tekhlu's Armour Shop.
 29285 | D:15     | Reached XP level 16. HP: 124/124 MP: 32/32
 30013 | D:15     | Found a staircase to the Depths.
 30060 | D:15     | Bought the cursed quicksilver dragon scales of Miocs {rC+
                  | MR+ Str+3} for 850 gold pieces
 30347 | D:15     | Found a snail-covered altar of Cheibriados.
 30428 | D:15     | Found a staircase to the Depths.
 30880 | Snake:1  | Entered Level 1 of the Snake Pit
 31201 | Snake:1  | Received a gift from Okawaru
 31311 | Snake:1  | Received a gift from Okawaru
 31497 | Snake:1  | Learned a level 5 spell: Irradiate
 31806 | Snake:1  | Received a gift from Okawaru
 32050 | Snake:1  | Found Foamaite's Jewellery Shoppe.
 32051 | Snake:1  | Found Gyc Mur's Gadget Boutique.
 32052 | Snake:1  | Found Pivopuro's Jewellery Shoppe.
 33715 | Snake:3  | Reached XP level 17. HP: 127/131 MP: 33/33
 33788 | Snake:3  | Found Coythim's Jewellery Shoppe.
 33794 | Snake:3  | Bought the ring "Puoni" {rPois rC+ MR++ Int-2 Slay+1} for
                  | 426 gold pieces
 34407 | Snake:3  | Received a gift from Okawaru
 34766 | Snake:4  | Entered Level 4 of the Snake Pit
 35294 | Snake:4  | Received a gift from Okawaru
 35641 | Snake:4  | Reached skill level 10 in Conjurations
 35641 | Snake:4  | Reached skill level 10 in Necromancy
 36015 | Snake:4  | Received a gift from Okawaru
 36018 | Snake:4  | Got a warped robe {god gift}
 36029 | Snake:4  | Identified the +2 robe of the Doldrums {Stlth+} (Okawaru
                  | gifted it to you on level 4 of the Snake Pit)
 37175 | Snake:4  | Got a serpentine rune of Zot
 38254 | D:8      | Killed Gildeon's ghost
 38258 | D:8      | Reached skill level 10 in Hexes
 38258 | D:8      | Reached skill level 10 in Charms
 38258 | D:8      | Reached skill level 10 in Summonings
 38258 | D:8      | Reached skill level 10 in Translocations
 38258 | D:8      | Reached skill level 10 in Transmutations
 38258 | D:8      | Reached skill level 10 in Fire Magic
 38258 | D:8      | Reached skill level 10 in Ice Magic
 38258 | D:8      | Reached skill level 10 in Air Magic
 38258 | D:8      | Reached skill level 10 in Earth Magic
 38258 | D:8      | Reached skill level 10 in Poison Magic
 38420 | Shoals:1 | Entered Level 1 of the Shoals
 38506 | Shoals:1 | Noticed Frances
 38533 | Shoals:1 | Killed Frances
 38533 | Shoals:1 | Reached XP level 18. HP: 83/140 MP: 35/35
 38824 | Shoals:1 | Learned a level 4 spell: Summon Lightning Spire
 39117 | Shoals:1 | Received a gift from Okawaru
 39157 | Shoals:1 | Found Xutosuan's Book Emporium.
 39159 | Shoals:1 | Found Moafrac's Jewellery Boutique.
 39494 | Shoals:1 | Found Voyl's Antique Weapon Boutique.
 40142 | Shoals:2 | Noticed Ilsuiw
 40325 | Shoals:2 | Killed Ilsuiw
 40949 | Shoals:2 | Noticed Nikola
 40976 | Shoals:2 | Killed Nikola
 41876 | Shoals:2 | Noticed Roxanne
 43029 | Shoals:3 | Received a gift from Okawaru
 43694 | Shoals:3 | Received a gift from Okawaru
 43743 | Shoals:4 | Entered Level 4 of the Shoals
 44440 | Shoals:4 | Received a gift from Okawaru
 44574 | Shoals:4 | Reached XP level 19. HP: 106/147 MP: 34/36
 45439 | Shoals:4 | Got a barnacled rune of Zot
 46174 | Shoals:1 | Bought the ring of Rowniosh {+Fly rF+} for 441 gold pieces
 46498 | Vaults:1 | Entered Level 1 of the Vaults
 46587 | D:14     | Received a gift from Okawaru
 46831 | Vaults:1 | Found a gateway to a bazaar.
 46842 | Bazaar   | Entered a bazaar
 46842 | Bazaar   | Found Kouvin's Magic Scroll Emporium.
 46842 | Bazaar   | Found Zieb's Food Shoppe.
 46842 | Bazaar   | Found Bemim's Gadget Shoppe.
 46842 | Bazaar   | Found Saxzunki's Distillery.
 46869 | Bazaar   | Bought a scroll of brand weapon for 300 gold pieces
 46869 | Bazaar   | Bought a scroll of blinking for 112 gold pieces
 46873 | Bazaar   | Bought a potion of haste for 120 gold pieces
 46873 | Bazaar   | Bought a potion of heal wounds for 60 gold pieces
 47228 | Vaults:1 | Received a gift from Okawaru
 47574 | Vaults:1 | Received a gift from Okawaru
 48861 | Vaults:2 | Reached XP level 20. HP: 150/156 MP: 33/38
 48867 | Vaults:2 | Identified the +3 shortbow of Dithmenos's Generosity
                  | {venom, rElec Int+2}
 48886 | Vaults:2 | Received a gift from Okawaru
 48982 | Vaults:2 | Learned a level 2 spell: Swiftness
 49664 | Vaults:2 | Found Zobiwax's Antique Weapon Boutique.
 50087 | Vaults:2 | Found Quag's Weapon Shop.
 50102 | Vaults:2 | Received a gift from Okawaru
 51027 | Vaults:3 | Received a gift from Okawaru
 51504 | Vaults:3 | Received a gift from Okawaru
 51683 | Vaults:3 | Received a gift from Okawaru
 52066 | Vaults:3 | Noticed a bone dragon
 52077 | Vaults:3 | Found a staircase to the Crypt.
 52102 | Vaults:3 | Killed a bone dragon
 52346 | Vaults:3 | Reached XP level 21. HP: 137/164 MP: 23/39
 52516 | Vaults:3 | Noticed Donald
 52516 | Vaults:3 | You fall into a shaft and drop 1 floor!
 52701 | Vaults:4 | Received a gift from Okawaru
 52701 | Vaults:4 | Reached skill level 15 in Spellcasting
 52713 | Vaults:4 | Identified the +10 dire flail of Day {flame, +Rage rC++
                  | Int-2} (Okawaru gifted it to you on level 4 of the Vaults)
 53382 | Vaults:4 | Got a shimmering demon trident
 53384 | Vaults:4 | Identified the +7 demon trident of Teddoniam {flame, rF+
                  | MR- Dex+4} (You found it on level 4 of the Vaults)
 53428 | Vaults:3 | Found Lietz's Antique Armour Shoppe.
 53488 | Vaults:3 | Paralysed by a floating eye for 3 turns
 53495 | Vaults:3 | Gained mutation: Your body sometimes deteriorates upon
                  | taking damage. [a shining eye]
 53496 | Vaults:3 | Gained mutation: You are frail. (-10% HP) [a shining eye]
 53582 | Vaults:3 | Killed Donald
 53605 | Vaults:3 | Received a gift from Okawaru
 53804 | Vaults:3 | Reached skill level 15 in Invocations
 53873 | Vaults:3 | Noticed a golden dragon
 53890 | Vaults:3 | Killed a golden dragon
 53990 | Vaults:3 | HP: 1/222 [frost giant/+2 battleaxe of freezing (29)]
 53990 | Vaults:3 | Mangled by a frost giant

Levels and vault maps discovered:
D:1:      scummos_arrival_simple_fountains, layout_loops_corners,
          okawaru_ov_weapons_minmay
D:2:      layout_loops_ring
D:3:      layout_basic, regret_index_temple_of_mockery, lemuel_another_geyser
D:4:      layout_rooms, kennysheep_vampire_church, first_ration, serial_shops,
          shop, hex_medium, uniq_edmund
D:5:      layout_loops_ring, serial_shops, shop, ebering_ghost_disaster_area,
          minmay_misc_feat_plants
D:6:      layout_basic, nicolae_ru_the_path_less_chosen,
          minmay_temple_entry_enclosed_plants, uniq_grinder
D:7:      layout_basic, serial_corexii_hall, chequers_hall_statues_wall_a,
          chequers_hall_statues_corner_a, grunt_dithmenos_smoke, uniq_joseph
D:8:      layout_cave_pools, ebering_ghost_funeral_grove
D:9:      layout_basic, dpeg_oklobed_lair, serial_shops, shop, uniq_harold
D:10:     gammafunk_beogh_shrine, layout_basic
D:11:     layout_small_grid, grunt_ogre_cave, water_boxes_lemuel
D:12:     layout_cave_pools, minmay_orc_entry_temple_small, enter_trove_1,
          uniq_kirke
D:13:     layout_cave_pods, serial_shops, shop
D:14:     layout_stronghold, david_vaults_4, fedhas_altar_2,
          kennysheep_small_square
D:15:     gammafunk_enter_depths_forms, layout_long_grid, nrook_mini_backslash,
          serial_shops, shop, drop_trap, cheibriados_altar_1
Temple:   nicolae_temple_no_exploring_needed
Lair:1:   layout_chaotic_city, gauntlet_entry_generic
Lair:2:   layout_cave_pods, lemuel_fruit_fields, serial_bayou_shore_a
Lair:3:   layout_regular_city, elwin_shoals_entry_rooms, grunt_megastairs_2,
          lemuel_fruit_tree, uniq_urug, uniq_nergalle
Lair:4:   layout_misc_corridors, minmay_snake_entry_guardpost_small
Lair:5:   layout_gridlike, ice2_lemuel, serial_bayou_shore_b
Lair:6:   gammafunk_lair_ancient_temple, layout_regular_city,
          nicolae_slime_entry_slimehenge, st_stairs_5
Shoals:1: layout_shoals, serial_shops, nicolae_shop_waterfront, shop,
          nicolae_shop_behind_doors, nicolae_shoals_seven_spires,
          nicolae_shoals_arrival_archipelago, uniq_frances
Shoals:2: layout_shoals, uniq_nikola, uniq_roxanne, uniq_ilsuiw
Shoals:3: layout_shoals, yaktaur_hedge
Shoals:4: shoals_end_hangedman, layout_shoals
Snake:1:  minmay_snake_river, layout_gridlike, guppyfry_library_mini,
          minmay_shop_grove
Snake:2:  layout_rooms, hangedman_snake_corridor_cut, serial_bayou_shore_b
Snake:3:  layout_rooms, grunt_ministairs_2, minmay_shop_enchanted_jewellery
Snake:4:  snake_pit, layout_onion_interference, nicolae_snake_biting_tails
Orc:1:    layout_diamond_mine, nicolae_orc_damp_corner,
          statue_in_the_mist_lemuel
Orc:2:    st_orc_ogre_mass, layout_caves, mines1_david, uniq_jorgrun,
          uniq_azrael
Vaults:1: hangedman_vaults_corner_blocks, nicolae_vaults_specimen_jars,
          ontoclasm_vaults_claustrophobia, v_alt_pattern_6, st_star,
          vaults_room_grunt_arrival_checkpoint, vaults_room_large_hall,
          vaults_mumra_chevron_long, vaults_room_corners,
          layout_vaults_maze_snakey, serial_shops, freezing_bzr
Vaults:2: v_misc_15, nicolae_vaults_ring_of_whatevers,
          nicolae_vaults_diagonal_hallway_9, nicolae_vaults_angled_halls,
          hangedman_vaults_cutoff, nicolae_vaults_know_your_exits,
          v_alt_pattern_5, nicolae_vaults_little_squares_1,
          vaults_room_fancy_cross, vaults_room_corners, dpeg_vaults_monster_box,
          layout_vaults_omnigrid, serial_shops, shop
Vaults:3: vaults_mumra_hexcomb, v_rooms_2, st_greater_box_1,
          minmay_crypt_entry_nasty_monster, nicolae_vaults_rhombus_6,
          dpeg_vaults_monster_row, v_alt_pattern_6, v_misc_33,
          nicolae_vaults_shelves_hall, layout_vaults_omnicross, serial_shops,
          shop, uniq_donald
Vaults:4: v_misc_23, nicolae_vaults_little_squares_4, vaults_mumra_hex,
          ontoclasm_vaults_ring_square, v_misc_31, v_pattern_5,
          nicolae_vaults_mini_display_case, vaults_room_grid,
          hangedman_vaults_stretched_pinwheel, nicolae_vaults_fighting_squares,
          hangedman_vaults_snaps, nicolae_vaults_little_ls, vaults_room_fours,
          ontoclasm_vaults_loading_screen, ontoclasm_vaults_fault,
          layout_vaults_omnibox, basic_altar

Skill      XL: |  1  2  3  4  5  6  7  8  9 10 11 12 13 14 15 16 17 18 19 20 21 |
---------------+----------------------------------------------------------------+-----
Conjurations   | 2 3 4 5 6 7 8 9 10 11 12 | 12.2
Necromancy     | 2 3 4 5 6 7 8 9 10 11 12 | 12.2
Short Blades   | 1 2 3 4 5 6 7 8 9 10 11 12 13 | 13.9
Long Blades    | 1 2 3 4 5 6 7 8 9 10 11 12 13 | 13.9
Axes           | 1 2 3 4 5 6 7 8 9 10 11 12 13 | 13.9
Polearms       | 1 2 3 4 5 6 7 8 9 10 11 12 13 | 13.9
Staves         | 1 2 3 4 5 6 7 8 9 10 11 12 13 | 13.9
Slings         | 1 2 3 4 5 6 7 8 9 10 11 12 13 | 13.9
Bows           | 1 2 3 4 5 6 7 8 9 10 11 12 13 | 13.9
Crossbows      | 1 2 3 4 5 6 7 8 9 10 11 12 13 | 13.9
Armour         | 1 2 3 4 5 6 7 8 9 10 11 12 13 | 13.9
Dodging        | 1 2 3 4 5 6 7 8 9 10 11 12 13 | 13.9
Shields        | 1 2 3 4 5 6 7 8 9 10 11 12 13 | 13.9
Unarmed Combat | 1 2 3 4 5 6 7 8 9 10 11 12 13 | 13.9
Invocations    | 1 2 3 4 5 6 7 8 9 10 11 12 13 14 15 | 15.0
Evocations     | 1 2 3 4 5 6 7 8 9 10 11 12 13 | 13.9
Hexes          | 1 2 3 4 5 6 7 8 9 10 11 12 | 12.0
Charms         | 1 2 3 4 5 6 7 8 9 10 11 12 | 12.0
Summonings     | 1 2 3 4 5 6 7 8 9 10 11 12 | 12.0
Translocations | 1 2 3 4 5 6 7 8 9 10 11 12 | 12.0
Transmutations | 1 2 3 4 5 6 7 8 9 10 11 12 | 12.0
Fire Magic     | 1 2 3 4 5 6 7 8 9 10 11 12 | 12.0
Ice Magic      | 1 2 3 4 5 6 7 8 9 10 11 12 | 12.0
Air Magic      | 1 2 3 4 5 6 7 8 9 10 11 12 | 12.0
Earth Magic    | 1 2 3 4 5 6 7 8 9 10 11 12 | 12.0
Poison Magic   | 1 2 3 4 5 6 7 8 9 10 11 12 | 12.0
Fighting       | 3 4 5 6 7 8 9 10 11 12 13 14 | 14.1
Throwing       | 3 4 5 6 7 8 9 10 11 12 13 14 | 14.1
Stealth        | 3 4 5 6 7 8 9 10 11 12 13 14 | 14.1
Maces & Flails | 5 6 7 8 9 10 11 12 13 14 | 14.5
Spellcasting   | 8 9 10 11 12 13 14 15 | 15.3

Action                   |  1- 3 |  4- 6 |  7- 9 | 10-12 | 13-15 | 16-18 | 19-21 || total
-------------------------+-------+-------+-------+-------+-------+-------+-------++-------
Melee: Mace              |    63 |    56 |       |       |       |       |       ||   119
       Bite              |     8 |     7 |    37 |    76 |   263 |   273 |   284 ||   948
       Punch             |     2 |     3 |       |       |       |       |       ||     5
       Morningstar       |       |    68 |   268 |       |       |       |       ||   336
       Trident           |       |     7 |    27 |   509 |  1681 |  1796 |   694 ||  4714
       Demon trident     |       |       |       |       |       |   405 |       ||   405
       Broad axe         |       |       |       |       |       |       |   790 ||   790
       Demon whip        |       |       |       |       |       |       |    10 ||    10
 Fire: Hunting sling     |       |     4 |    43 |    93 |   163 |     5 |       ||   308
       Fustibalus        |       |       |       |       |       |   169 |     7 ||   176
Throw: Stone             |       |    33 |    84 |    13 |       |       |       ||   130
 Cast: Magic Dart        |     1 |     9 |    13 |    12 |       |       |       ||    35
       Call Imp          |       |     4 |    19 |    28 |    10 |       |       ||    61
       Blink             |       |     1 |       |     3 |     2 |       |       ||     6
       Conjure Flame     |       |       |     1 |     7 |       |       |       ||     8
       Mephitic Cloud    |       |       |     1 |     7 |     9 |     1 |       ||    18
       Irradiate         |       |       |       |       |       |       |    27 ||    27
       Summon Lightning  |       |       |       |       |       |       |     2 ||     2
Invok: Heroism           |       |       |     5 |    10 |    40 |    46 |    36 ||   137
       Finesse           |       |       |       |       |     3 |     8 |     2 ||    13
 Abil: Evoke Flight      |       |       |       |       |     1 |       |       ||     1
Evoke: Wand              |       |       |       |     5 |     5 |    14 |     3 ||    27
       Lightning rod     |       |       |       |       |     3 |     8 |    14 ||    25
  Use: Scroll            |       |    13 |     7 |     4 |    16 |     6 |     4 ||    50
       Potion            |       |       |       |     1 |    10 |     5 |     3 ||    19
 Stab: Sleeping          |     2 |     3 |     3 |     6 |     7 |     1 |     7 ||    29
       Distracted        |       |       |     4 |     1 |     2 |     7 |       ||    14
       Confused          |       |       |     1 |    10 |    19 |     5 |     1 ||    36
       Held in net/web   |       |       |       |     2 |       |       |       ||     2
       Invisible         |       |       |       |       |    18 |       |       ||    18
  Eat: Ration            |     1 |     1 |     1 |     2 |     2 |    10 |     1 ||    18
       Chunk             |       |     4 |    10 |    16 |    40 |    18 |    32 ||   120
Armor: Robe              |     2 |       |       |       |       |       |       ||     2
       Ring mail         |    18 |    60 |    92 |    49 |     6 |       |       ||   225
       Scale mail        |       |       |       |       |   155 |     6 |   136 ||   297
       Chain mail        |       |       |       |       |     7 |   190 |       ||   197
       Quicksilver drago |       |       |       |       |       |    57 |       ||    57
       Plate armour      |       |       |       |       |       |     7 |    37 ||    44
Dodge: Dodged            |    31 |   117 |   135 |   187 |   569 |   677 |   614 ||  2330
Block: Buckler           |       |       |   145 |   227 |   155 |       |       ||   527
       Reflection        |       |       |     2 |    11 |    46 |   223 |    59 ||   341
       Shield            |       |       |       |       |   890 |  1593 |  1174 ||  3657
